Map: Year Zero LE

Players

VWarrior

  • Race: Zerg Zerg
  • League: Bronze
  • Spawn Location: 11:00

Throwfordays - Winner!

  • Race: Zerg Zerg
  • League: Silver
  • Spawn Location: 1:00

VOD

Have the link to the VOD?

Description

Time

  • Played on: March 20, 2019, 8:25 p.m.
  • Length: 11:07
Show
View Real Time Build Order
Export as new Build Order

VWarrior Zerg 

Build Orders: Pool First 

Get SALT Encoding   

  12  0:27  Spawning Pool  
  11  0:29  Drone x2  
  11  0:31  Drone  
  14  0:40  Extractor  
  14  0:41  Drone  
  14  0:53  Overlord  
  14  1:06  Overlord  
  14  1:16  Zergling x2  
  15  1:30  Zergling x2  
  16  1:38  Queen  
  18  1:40  Drone  
  18  1:46  Drone  
  20  1:59  Hatchery  
  19  2:06  Zergling x2  
  20  2:11  Zergling x2  
  21  2:17  Overlord  
  21  2:28  Metabolic Boost  
  21  2:42  Zergling x4  
  23  2:57  Lair  
  23  2:58  Evolution Chamber  
  22  3:07  Zergling x2  
  22  3:08  Zergling x4  
  22  3:10  Zergling x2  
  26  3:21  Baneling Nest  
  25  3:32  Overlord  
  25  3:41  Drone  
  25  3:42  Drone  
  25  3:46  Drone  
  28  4:01  Drone x2  
  30  4:09  Queen  
  32  4:17  Baneling x2  
  32  4:18  Baneling x2  
  32  4:39  Zergling x10  
  37  4:51  Extractor  
  30  5:16  Drone x3  
  33  5:21  Drone x2  
  33  5:22  Drone  
  36  5:31  Drone  
  37  5:40  Hydralisk Den  
  36  5:49  Drone, Spire  
  36  5:50  Drone  
  37  6:04  Zerg Ground Armor Level 1  
  37  6:09  Hydralisk  
  39  6:20  Drone x2  
  41  6:30  Drone  
  41  6:31  Drone x4  
  46  6:43  Spine Crawler  
  45  6:50  Spine Crawler  
  44  7:03  Mutalisk x2  
  44  7:04  Mutalisk  
  44  7:06  Spore Crawler  
  49  7:18  Zergling x6  
  52  7:24  Overlord  
  52  7:35  Muscular Augments  
  52  7:41  Hydralisk  
  52  7:42  Hydralisk  
  56  7:44  Zergling x4  
  58  8:00  Drone  
  58  8:01  Drone  
  58  8:04  Overlord  
  60  8:13  Pneumatized Carapace  
  60  8:24  Extractor  
  59  8:30  Extractor  
  59  8:33  Zergling x4  
  59  8:34  Zergling x10  
  64  8:48  Grooved Spines  
  64  9:04  Drone  
  64  9:05  Drone x2  
  67  9:13  Overlord  
  67  9:14  Overlord x5  
  67  10:01  Hatchery  
  27  10:43  Mutalisk x3  
  27  10:47  Overlord x2  
Show
View Real Time Build Order
Export as new Build Order

Throwfordays Zerg - Winner!

Build Orders: Hatch First 

Get SALT Encoding   

  12  0:01  Drone  
  13  0:13  Drone  
  14  0:40  Hatchery  
  14  0:41  Overlord  
  13  0:46  Drone  
  14  1:02  Spawning Pool  
  13  1:06  Drone  
  13  1:10  Drone  
  15  1:14  Drone  
  16  1:22  Drone  
  17  1:32  Drone  
  18  1:36  Extractor  
  18  1:40  Drone  
  18  1:47  Extractor  
  18  1:50  Drone  
  18  1:51  Queen  
  18  1:54  Queen  
  20  1:57  Drone  
  23  2:01  Zergling x2  
  24  2:10  Overlord  
  24  2:15  Drone x2  
  26  2:22  Zergling x2  
  27  2:44  Overlord x2  
  27  2:49  Drone  
  28  2:55  Overlord  
  28  3:03  Drone x2  
  28  3:04  Drone  
  31  3:06  Drone x3  
  34  3:18  Drone  
  35  3:26  Metabolic Boost  
  35  3:28  Drone  
  35  3:29  Drone x3  
  39  3:35  Evolution Chamber  
  39  3:37  Zergling x4  
  39  3:38  Zergling x4  
  42  3:47  Overlord  
  42  3:52  Zergling x4  
  42  3:55  Zergling x2  
  45  3:59  Queen  
  45  4:01  Queen  
  49  4:03  Overlord x3  
  49  4:06  Zergling x2  
  50  4:10  Zerg Melee Weapons Level 1  
  50  4:11  Drone x2  
  50  4:13  Drone  
  50  4:16  Drone  
  54  4:28  Drone x2  
  56  4:32  Drone  
  57  4:41  Drone  
  58  4:48  Evolution Chamber  
  54  5:05  Zergling x8  
  57  5:11  Spine Crawler  
  56  5:15  Zergling x6  
  56  5:18  Zerg Ground Armor Level 1  
  59  5:21  Baneling Nest  
  58  5:28  Zergling x4  
  58  5:33  Drone  
  61  5:41  Extractor  
  61  5:42  Extractor, Drone x2  
  62  5:44  Drone  
  62  5:46  Drone  
  62  5:49  Lair  
  63  5:56  Roach Warren  
  62  6:01  Drone  
  63  6:04  Zergling x2, Zerg Missile Weapons Level 1  
  63  6:06  Baneling x3  
  63  6:07  Baneling x6  
  64  6:22  Zergling x2  
  65  6:26  Zergling x10  
  65  6:27  Zergling x2  
  65  6:32  Overlord x3  
  71  6:34  Zergling x2  
  72  6:54  Hatchery  
  71  7:03  Roach x6  
  71  7:06  Roach  
  71  7:07  Roach x3  
  91  7:14  Drone  
  91  7:15  Drone  
  93  7:39  Zergling x4  
  95  7:48  Glial Reconstitution  
  95  7:52  Zerg Ground Armor Level 2  
  95  7:56  Drone  
  95  7:57  Drone  
  97  7:59  Drone  
  97  8:01  Drone x3  
  101  8:08  Drone x3  
  104  8:20  Centrifical Hooks  
  104  8:24  Drone x3  
  104  8:26  Drone x2  
  109  8:28  Queen  
  110  8:51  Overlord x5  
  110  9:03  Queen  
  112  9:12  Tunneling Claws  
  112  9:17  Extractor  
  112  9:18  Extractor  
  112  9:19  Zergling x2  
  112  9:20  Zergling x4  
  113  9:25  Roach x3  
  113  9:26  Roach x6  
  113  9:29  Zergling x2  
  113  9:30  Zergling x8  
  136  10:04  Drone x2  
  138  10:11  Drone x3  
  138  10:12  Drone x2  
  119  10:39  Baneling x4  
  119  10:40  Baneling x4  
  119  10:41  Baneling x6  
Tags
 
Matchup
ZvZ
Race
Zerg
Replay Pack
Multiplayer
Spawn Locations
Close Positions
Add a new tag
Caveats
  • Supply blocks, unpowered buildings, or Contaminate may cause inaccurate times.
  • Supply counts are checked every 10 seconds.